 Dungeon Crawl Stone Soup version 0.18.1-8-gdd0e5ea (webtiles) character file.

460 Gargoyl the Covered (level 6, 0/48 HPs)
             Began as a Demonspawn Abyssal Knight on May 26, 2016.
             Was a Priest of Lugonu.
             Slain by a worker ant (6 damage)
             ... on level 4 of the Dungeon.
             The game lasted 00:09:32 (5673 turns).

Gargoyl the Covered (Demonspawn Abyssal Knight)     Turns: 5673, Time: 00:09:32

Health: 0/48       AC: 11    Str: 14      XL:     6   Next: 78%
Magic:  17/17      EV:  6    Int:  8 (10) God:    Lugonu [***...]
Gold:   169        SH:  5    Dex:  9 (10) Spells: 0 memorised, 5 levels left

rFire  + . .     SeeInvis .     a - +1 hand axe
rCold  . . .     Gourm    .     e - +0 chain mail
rNeg   . . .     Faith    .     (no shield)
rPois  .         Spirit   .     (helmet restricted)
rElec  .         Dismiss  .     (no cloak)
rCorr  .         Reflect  +     (no gloves)
SustAt .         Harm     .     (no boots)
MR     +....                    g - +5 amulet of reflection
Stlth  ..........               l - ring of magical power
                                f - ring of protection from fire

@: heavily drained, somewhat resistant to hostile enchantments, extremely
unstealthy
A: antennae 1, claws 2, slimy green scales 1, clumsy 1, dopey 2, magic
resistance 1, nightstalker 1, powered by pain 1
a: Depart the Abyss, Bend Space, Banish, Renounce Religion


You were on level 4 of the Dungeon.
You worshipped Lugonu.
Lugonu was most pleased with you.
You were not hungry.

You visited 1 branch of the dungeon, and saw 5 of its levels.
You visited the Abyss 1 time.

You collected 169 gold pieces.

Inventory:

Hand Weapons
 a - a +1 hand axe (weapon)
 p - a cursed +0 flail
Armour
 e - a +0 chain mail (worn)
Jewellery
 f - a ring of protection from fire (left claw)
 g - a +5 amulet of reflection (around neck)
 l - a ring of magical power (right claw)
Scrolls
 d - 4 scrolls of remove curse
 i - a scroll of random uselessness {unknown}
 j - a scroll of enchant armour {unknown}
 k - 7 scrolls of identify
 n - 2 scrolls of teleportation {unknown}
 o - a scroll of fog {unknown}
Potions
 r - a potion of flight
Comestibles
 b - 2 slices of pizza
 c - 3 bread rations
 m - a meat ration


   Skills:
 + Level 4.2(2.8) Fighting
 + Level 3.2(1.8) Axes
 * Level 4.8(3.3) Armour
 + Level 2.1(0.7) Dodging
 + Level 2.7(1.3) Invocations


You had 5 spell levels left.
You didn't know any spells.

Dungeon Overview and Level Annotations

Branches:
Dungeon (5/15)             Temple (0/1) D:4

Altars:
Ashenzari
Pakellas


Innate Abilities, Weirdness & Mutations

You have very sharp fingernails.
You are partially covered in slimy green scales (AC +2).
You are slightly more attuned to the shadows.
You sometimes gain a little power by taking damage.
You have a pair of small antennae on your head.
You are resistant to hostile enchantments.
[You are clumsy. (Dex -2)]
[You are very dopey. (Int -4)]


Message History

* * * LOW HITPOINT WARNING * * *
Press: ? - help, Shift-Dir - straight line, f/p - worker ant
Aim: a worker ant (moderately wounded, chance to defeat MR: 86%)
You fail to use your ability.
The worker ant bites you but does no damage.
Press: ? - help, Shift-Dir - straight line, f/p - worker ant
Aim: a worker ant (moderately wounded, chance to defeat MR: 86%)
You fail to use your ability.
The worker ant bites you.
* * * LOW HITPOINT WARNING * * *
Press: ? - help, Shift-Dir - straight line, f/p - worker ant
Aim: a worker ant (moderately wounded, chance to defeat MR: 86%)
You fail to use your ability.
The worker ant barely misses you.
Press: ? - help, Shift-Dir - straight line, f/p - worker ant
Aim: a worker ant (moderately wounded, chance to defeat MR: 86%)
You fail to use your ability.
The worker ant bites you.
* * * LOW HITPOINT WARNING * * *
Press: ? - help, Shift-Dir - straight line, f/p - worker ant
Aim: a worker ant (moderately wounded, chance to defeat MR: 86%)
You fail to use your ability.
The worker ant bites you.
You die...

**,,,,,,,,,,,,,,,,,**************
*,,,,,*****,,,,,,,,,*,,,,,,,,,,,
*,,,,** ****#.#.#,#,**********
****,* #.#.#.#,* * ♣♣♣♣♣♣##
#.#.#.#,* * ≈≈♣≈≈♣≈##
#.....,,****** * ≈≈≈≈≈≈♣≈###
#...#,,,,,,,,* *
.P≈≈≈≈≈♣P≈######.a.#,******,* *
......≈P≈♣......@).#,* *>* *
.....................# ***,*****
.....≈.....####....#.#***,,,,,,,,
≈♣≈≈.≈.≈....#*#.##.....,,,,,,,,,*
≈≈≈≈≈P≈♣.....##[#*####***********
≈PP≈≈≈≈.......#.#****** *≈≈≈≈≈≈≈
≈≈PPP♣#.......#.#*,,,,****,,,,,,,
≈≈≈PP≈#.......#.#*,****_,,,,,,,,,
P≈≈≈≈≈#*,,,,,*#.#*,* ****,,,,,,,


You could see a worker ant.

Vanquished Creatures
  4 wights
  An orc wizard (D:3)
  5 gnolls
  11 adders
  3 oozes
  2 worms (D:2)
  7 dart slugs
  A giant gecko (D:2)
  9 orcs
  7 ball pythons (D:3)
  4 giant cockroaches
  8 goblins
  6 hobgoblins
  3 jackals (D:2)
  4 kobolds
  2 quokkas (D:3)
  5 bats
  5 giant newts
  9 rats
96 creatures vanquished.

Notes
Turn   | Place    | Note
--------------------------------------------------------------
     0 | Abyss:1  | Gargoyl the Demonspawn Abyssal Knight began the quest for the Orb.
     0 | Abyss:1  | Reached XP level 1. HP: 18/18 MP: 2/2
   110 | Abyss:2  | Noticed a wretched star
   112 | Abyss:2  | Noticed an iron dragon zombie
   120 | D:1      | Escaped the Abyss
   639 | D:1      | Reached * piety under Lugonu
   820 | D:1      | Gained mutation: You have sharp fingernails. [demonic ancestry]
   820 | D:1      | Reached XP level 2. HP: 19/19 MP: 3/3
  1094 | D:1      | Reached skill level 1 in Dodging
  1677 | D:1      | Gained mutation: You are slightly more attuned to the shadows. [demonic ancestry]
  1677 | D:1      | Reached XP level 3. HP: 16/23 MP: 5/5
  2396 | D:2      | Gained mutation: You have very sharp fingernails. [demonic ancestry]
  2396 | D:2      | Reached XP level 4. HP: 17/29 MP: 6/6
  2400 | D:2      | Gained mutation: You are resistant to hostile enchantments. [potion of mutation]
  2400 | D:2      | Gained mutation: You have a pair of small antennae on your head. [potion of mutation]
  2920 | D:2      | Found an oddly glowing altar of Pakellas.
  3533 | D:3      | Gained mutation: You sometimes gain a little power by taking damage. [demonic ancestry]
  3533 | D:3      | Reached XP level 5. HP: 32/42 MP: 7/7
  3826 | D:3      | Reached ** piety under Lugonu
  3905 | D:3      | Found a shattered altar of Ashenzari.
  4885 | D:3      | Gained mutation: You are partially covered in slimy green scales (AC +2). [demonic ancestry]
  4885 | D:3      | Reached XP level 6. HP: 30/48 MP: 8/8
  5099 | D:4      | Reached *** piety under Lugonu
  5393 | D:5      | Entered Level 5 of the Dungeon
  5673 | D:4      | Slain by a worker ant

Skill      XL: |  1  2  3  4  5  6 |
---------------+-------------------+-----
Armour         | 2 3 4 |  4.8
Axes           | 2 3 |  3.2
Dodging        | 1 2 |  2.1
Fighting       | 4 |  4.2
Invocations    | |  2.7

Action                   |  1- 3 |  4- 6 || total
-------------------------+-------+-------++-------
Melee: Hand axe          |   126 |   434 ||   560
Invok: Depart the Abyss  |     1 |       ||     1
  Use: Potion            |       |     6 ||     6
       Scroll            |       |     2 ||     2
  Eat: Chunk             |     5 |     9 ||    14
       Bread ration      |       |     1 ||     1
Armor: Chain mail        |    90 |   338 ||   428
Dodge: Dodged            |    30 |   161 ||   191
Block: Other             |       |    25 ||    25
